Penguins vs Sabres

Created - 3 novembre 2015 at 19:27

Goals
1 2 3 OT1 SO T
Penguins 0 1 0 0 2 2
Sabres 0 0 1 0 1 1
Shots
1 2 3 OT1 SO T
Penguins 10 10 5 0 4 25
Sabres 11 7 6 0 4 24

1st period

No Goal

Penalties :
Sam Gagner (Buf) for Interference (Minor) at 17:57

2nd period

1. Penguins , Ladislav Nagy 4 (Denis Arkhipov) at 10:22

Penalties :
Tyler Sloan (Buf) for Roughing (Minor) at 11:41

3rd period

2. Sabres , Derick Brassard 6 (Antoine Roussel) at 9:36 (PP)

Penalties :
Darren Reid (Pit) for Holding (Minor) at 4:43, Sam Gagner (Buf) for Hooking (Minor) at 5:06, Bobby Ryan (Pit) for Checking from behind (Major) at 9:19, Sam Gagner (Buf) for Hooking (Minor) at 17:27

Overtime #1

No Goal

Penalties :
No Penalty

Shootout

Penalty Shot by Steven Stamkos for Penguins - Stopped by Michal Neuvirth
Penalty Shot by Steve Downie for Sabres - Shot Misses the Net
Penalty Shot by Nathan Horton for Penguins - Goal!
Penalty Shot by Niclas Bergfors for Sabres - Stopped by Brian Elliott
Penalty Shot by Bobby Ryan for Penguins - Shot Misses the Net
Penalty Shot by Antoine Roussel for Sabres - Goal!
Penalty Shot by Ryan Kesler for Penguins - Goal!
Penalty Shot by Derick Brassard for Sabres - Shot Misses the Net

Penalties :
No Penalty

Goalie Stats

Brian Elliott (Pit), 23 saves from 24 shots - (0,958), W, 5-5-1, 65:00 minutes
Michal Neuvirth (Buf), 24 saves from 25 shots - (0,960), OTL, 5-2-1, 65:00 minutes

Players Stats for Penguins

Player Name              G  A  P  +/- PIM S  H  SB GA TA FO     MP     PP MP  PK MP  
------------------------------------------------------------------------------------
Bobby Ryan               0  0  0   0  5   4  1  0  0  0  0/1    21:07   3:45   0:00 
Brendan Smith            0  0  0   0  0   1  2  2  0  0  0/0    24:59   2:47   1:49 
Brent Sopel              0  0  0   0  0   1  1  0  0  0  0/0    23:05   3:33   0:49 
Brian McGrattan          0  0  0   1  0   3  0  0  0  0  0/0    10:43   0:28   0:00 
Brooks Orpik             0  0  0   1  0   1  0  1  0  1  0/0    16:23   0:00   1:45 
Darren Reid              0  0  0   0  2   0  0  0  2  1  1/1    12:55   0:01   1:49 
Denis Arkhipov           0  1  1   1  0   1  0  1  0  0  3/9    14:16   0:59   1:36 
Dustin Penner            0  0  0   0  0   1  3  1  0  0  0/0    23:43   3:06   2:04 
Ladislav Nagy            1  0  1   1  0   3  0  0  1  0  0/0    14:34   1:18   1:26 
Luke Schenn              0  0  0   0  0   1  2  3  0  1  0/0    29:08   3:33   2:44 
Nathan Horton            0  0  0   0  0   1  0  0  0  0  1/2    13:25   2:06   0:00 
Oleg Kvasha              0  0  0   0  0   0  0  0  0  0  0/5    11:05   0:00   0:19 
Paul Ranger              0  0  0   1  0   0  0  2  1  0  0/0    11:12   0:00   0:53 
Ryan Kesler              0  0  0   0  0   5  2  0  1  0  10/21  24:48   3:32   2:25 
Sean Zimmerman           0  0  0   0  0   0  0  2  0  1  0/0    25:26   2:47   2:44 
Simon Gagné              0  0  0   0  0   0  0  0  0  0  1/1     2:15   0:00   0:00 
Steve Sullivan           0  0  0   0  0   1  2  0  0  0  0/0    12:50   0:00   1:05 
Steven Stamkos           0  0  0   0  0   2  4  0  3  1  11/18  21:06   3:45   0:00 

Players Stats for Sabres

Player Name              G  A  P  +/- PIM S  H  SB GA TA FO     MP     PP MP  PK MP  
------------------------------------------------------------------------------------
Adam Mair                0  0  0   0  0   0  0  0  0  0  0/1     2:01   0:00   0:00 
Antoine Roussel          0  1  1  -1  0   1  1  0  0  0  0/2    18:16   2:04   0:00 
Daniel Cleary            0  0  0   0  0   1  2  0  1  0  2/4    16:09   1:06   3:44 
Derick Brassard          1  0  1   0  0   4  2  0  1  0  10/16  19:49   2:08   0:00 
Greg Campbell            0  0  0   0  0   0  1  0  0  1  5/10   15:29   0:39   2:13 
Jay McKee                0  0  0   0  0   2  1  3  0  1  0/0    21:12   1:51   0:36 
Johnny Boychuk           0  0  0   0  0   2  2  2  1  1  0/0    24:29   1:51   0:34 
Jonas Hoglund            0  0  0   0  0   0  2  1  0  0  1/1    11:26   0:10   0:00 
Joni Pitkanen            0  0  0  -1  0   1  1  1  1  1  0/0    22:54   2:49   3:30 
Michael Rupp             0  0  0   0  0   1  1  0  0  0  2/2    16:45   0:40   2:24 
Mike Leclerc             0  0  0   0  0   1  0  0  0  0  1/1    15:39   0:58   3:47 
Nathan Paetsch           0  0  0   0  0   0  1  0  1  2  0/0    21:30   0:42   2:50 
Niclas Bergfors          0  0  0   0  0   2  2  1  0  0  1/1    18:06   2:08   0:00 
Ole-Kristian Tollefsen   0  0  0  -1  0   1  1  1  0  0  0/0    22:52   2:49   3:30 
Ryan Hollweg             0  0  0   0  0   4  1  0  0  1  3/6    16:54   2:02   0:02 
Sam Gagner               0  0  0  -1  6   2  1  0  0  0  6/12   15:51   2:06   0:30 
Steve Downie             0  0  0  -1  0   1  2  0  0  0  0/2    15:11   2:04   0:00 
Tyler Sloan              0  0  0   0  2   1  1  0  0  1  0/0    17:27   0:42   1:40 

3 Stars

1 - Michal Neuvirth (Buf)
2 - Brian Elliott (Pit)
3 - Derick Brassard (Buf)

Power Play

Penguins - 0 on 4 Attempt(s) - 0,00%
Sabres - 1 on 3 Attempt(s) - 33,33%

Penalty Kill

Penguins - 2 on 3 Attempt(s) - 66,67% - Score 0 goal in Penalty Kill
Sabres - 4 on 4 Attempt(s) - 100,00% - Score 0 goal in Penalty Kill

Team Stat

Penguins - Hits : 17 - Faceoff Wins : 27 - Blocked Shots : 12 - Penalty Minutes : 7
Sabres - Hits : 22 - Faceoff Wins : 31 - Blocked Shots : 9 - Penalty Minutes : 8

Official

Referees : Sutherland Kelly and Rooney Chris
Linesman : Thor Nelson and Pierre Champoux

Game Notes

Adam Mair is injured at 6:26 of 1st period (Facial Surgery)
Simon Gagné is injured at 6:53 of 1st period (Bruised Left Foot)

Finance

Level 1 -- Attendance: 5445 (90,75%) -- Ticket Income 468 270 $
Level 2 -- Attendance: 4330 (86,60%) -- Ticket Income 229 490 $
Level 3 -- Attendance: 1497 (74,85%) -- Ticket Income 49 401 $
Level 4 -- Attendance: 2979 (74,48%) -- Ticket Income 68 517 $
Luxury Box -- Attendance: 1000 (100,00%) -- Ticket Income 170 000 $
Game was played at the Duff Garden'
Total Attendance: 15251 (84,73%)
Total Ticket Income: 985 678 $
Other Income: 147 852 $
Total Income: 1 133 530 $

Penguins

5 vs 5 Forward 
   Center                   Left Wing                Right Wing               Time % Phy DF OF 
 1 Steven Stamkos           Simon Gagné              Bobby Ryan               35     0   2  3  
 2 Ryan Kesler              Dustin Penner            Nathan Horton            35     0   2  3  
 3 Oleg Kvasha              Steve Sullivan           Darren Reid              20     1   2  2  
 4 Denis Arkhipov           Ladislav Nagy            Brian McGrattan          10     2   1  2  

5 vs 5 Defense 
   Defense                  Defense                                           Time % Phy DF OF 
 1 Brent Sopel              Luke Schenn                                       35     0   2  3  
 2 Sean Zimmerman           Brendan Smith                                     35     0   2  3  
 3 Paul Ranger              Brooks Orpik                                      20     2   2  1  
 4 Brooks Orpik             Luke Schenn                                       10     1   2  2  

PowerPlay Forward 
   Center                   Left Wing                Right Wing               Time % Phy DF OF 
 1 Steven Stamkos           Simon Gagné              Bobby Ryan               50     0   1  4  
 2 Ryan Kesler              Dustin Penner            Nathan Horton            50     0   1  4  

PowerPlay Defense
   Defense                  Defense                                           Time % Phy DF OF 
 1 Brent Sopel              Luke Schenn                                       50     0   2  3  
 2 Sean Zimmerman           Brendan Smith                                     50     0   2  3  

Penalty Kill 4 Players Forward 
   Center                   Wing                     Time % Phy DF OF 
 1 Ryan Kesler              Simon Gagné              60     1   4  0  
 2 Denis Arkhipov           Bobby Ryan               40     1   4  0  

Penalty Kill 4 Players Defense
   Defense                  Defense                  Time % Phy DF OF 
 1 Sean Zimmerman           Luke Schenn              60     1   4  0  
 2 Brooks Orpik             Brendan Smith            40     1   4  0  

Penalty Kill - 3 Players Forward 
   Forward                                           Time % Phy DF OF 
 1 Ryan Kesler                                       60     1   4  0  
 2 Simon Gagné                                       40     1   4  0  

Penalty Kill - 3 Players Defense
   Defense                  Defense                  Time % Phy DF OF 
 1 Sean Zimmerman           Luke Schenn              60     1   4  0  
 2 Brooks Orpik             Brendan Smith            40     1   4  0  

4 vs 4 Forward 
   Center                   Wing                     Time % Phy DF OF 
 1 Steven Stamkos           Bobby Ryan               50     0   2  3  
 2 Ryan Kesler              Simon Gagné              50     0   2  3  

4 vs 4 Defense
   Defense                  Defense                  Time % Phy DF OF 
 1 Brent Sopel              Luke Schenn              50     1   2  2  
 2 Brendan Smith            Sean Zimmerman           50     1   2  2  

Last Minutes Offensive
   Center                   Left Wing                Right Wing               Defense                  Defense                  
   Steven Stamkos           Simon Gagné              Bobby Ryan               Brent Sopel              Luke Schenn              

Last Minutes Defensive
   Center                   Left Wing                Right Wing               Defense                  Defense                  
   Ryan Kesler              Simon Gagné              Nathan Horton            Brendan Smith            Sean Zimmerman           

Goaltenders
Starting : Brian Elliott            
Backup : Josh Tordjman            

Extra Forwards
Normal : Ryan Kesler, Steven Stamkos, Bobby Ryan - PP : Ryan Kesler, Steven Stamkos - PK : Darren Reid
Extra Defensemen
Normal : Brendan Smith, Luke Schenn, Brent Sopel - PP : Brendan Smith - PK : Sean Zimmerman, Paul Ranger
Penalty Shots
Steven Stamkos, Simon Gagné, Nathan Horton, Bobby Ryan, Ryan Kesler

Sabres

5 vs 5 Forward 
   Center                   Left Wing                Right Wing               Time % Phy DF OF 
 1 Derick Brassard          Michael Rupp             Niclas Bergfors          28     1   3  1  
 2 Sam Gagner               Antoine Roussel          Steve Downie             28     1   3  1  
 3 Adam Mair                Mike Leclerc             Daniel Cleary            24     1   4  0  
 4 Greg Campbell            Ryan Hollweg             Jonas Hoglund            20     1   3  1  

5 vs 5 Defense 
   Defense                  Defense                                           Time % Phy DF OF 
 1 Johnny Boychuk           Jay McKee                                         40     1   3  1  
 2 Tyler Sloan              Nathan Paetsch                                    30     1   3  1  
 3 Ole-Kristian Tollefsen   Joni Pitkanen                                     20     1   3  1  
 4 Ole-Kristian Tollefsen   Joni Pitkanen                                     10     1   2  2  

PowerPlay Forward 
   Center                   Left Wing                Right Wing               Time % Phy DF OF 
 1 Sam Gagner               Ryan Hollweg             Niclas Bergfors          50     1   1  3  
 2 Derick Brassard          Antoine Roussel          Steve Downie             50     1   1  3  

PowerPlay Defense
   Defense                  Defense                                           Time % Phy DF OF 
 1 Johnny Boychuk           Jay McKee                                         50     1   2  2  
 2 Ole-Kristian Tollefsen   Joni Pitkanen                                     50     1   2  2  

Penalty Kill 4 Players Forward 
   Center                   Wing                     Time % Phy DF OF 
 1 Daniel Cleary            Mike Leclerc             70     1   4  0  
 2 Antoine Roussel          Steve Downie             30     1   3  1  

Penalty Kill 4 Players Defense
   Defense                  Defense                  Time % Phy DF OF 
 1 Ole-Kristian Tollefsen   Joni Pitkanen            60     1   4  0  
 2 Tyler Sloan              Nathan Paetsch           40     1   4  0  

Penalty Kill - 3 Players Forward 
   Forward                                           Time % Phy DF OF 
 1 Mike Leclerc                                      60     0   5  0  
 2 Daniel Cleary                                     40     0   5  0  

Penalty Kill - 3 Players Defense
   Defense                  Defense                  Time % Phy DF OF 
 1 Ole-Kristian Tollefsen   Joni Pitkanen            60     1   4  0  
 2 Tyler Sloan              Nathan Paetsch           40     1   4  0  

4 vs 4 Forward 
   Center                   Wing                     Time % Phy DF OF 
 1 Greg Campbell            Antoine Roussel          50     1   3  1  
 2 Derick Brassard          Niclas Bergfors          50     1   3  1  

4 vs 4 Defense
   Defense                  Defense                  Time % Phy DF OF 
 1 Johnny Boychuk           Joni Pitkanen            50     1   3  1  
 2 Ole-Kristian Tollefsen   Nathan Paetsch           50     1   2  2  

Last Minutes Offensive
   Center                   Left Wing                Right Wing               Defense                  Defense                  
   Derick Brassard          Antoine Roussel          Niclas Bergfors          Johnny Boychuk           Jay McKee                

Last Minutes Defensive
   Center                   Left Wing                Right Wing               Defense                  Defense                  
   Steve Downie             Mike Leclerc             Daniel Cleary            Ole-Kristian Tollefsen   Joni Pitkanen            

Goaltenders
Starting : Michal Neuvirth          
Backup : Roberto Luongo           

Extra Forwards
Normal : Ryan Hollweg, Jonas Hoglund, Derick Brassard - PP : Daniel Cleary, Mike Leclerc - PK : Greg Campbell
Extra Defensemen
Normal : Joni Pitkanen, Ole-Kristian Tollefsen, Johnny Boychuk - PP : Nathan Paetsch - PK : Johnny Boychuk, Jay McKee
Penalty Shots
Steve Downie, Niclas Bergfors, Antoine Roussel, Derick Brassard, Ryan Hollweg

% Time on Ice - Penguins

Lines # - Real PCT - Wanted PCT - Time Play
Normal Forward
1 - 32% - 35% - 15:00
2 - 25% - 35% - 11:43
3 - 23% - 20% - 10:46
4 - 20% - 10% - 9:13
Normal Defense
1 - 32% - 35% - 14:59
2 - 38% - 35% - 17:53
3 - 21% - 20% - 9:46
4 - 9% - 10% - 4:04
PP Forward
1 - 67% - 50% - 4:13
2 - 33% - 50% - 2:07
PP Defense
1 - 56% - 50% - 3:33
2 - 44% - 50% - 2:47
PK Forward
1 - 100% - 60% - 5:22
2 - 0% - 40% - 0:00
PK Defense
1 - 67% - 60% - 3:37
2 - 33% - 40% - 1:45
PK3 Forward
1 - 0% - 60%
2 - 0% - 40%
PK3 Defense
1 - 0% - 60%
2 - 0% - 40%
44 Forward
1 - 36% - 50% - 2:21
2 - 64% - 50% - 4:15
44 Defense
1 - 47% - 50% - 3:05
2 - 53% - 50% - 3:31
Last Minute Offensive  - 0:00
Last Minute Defensive  - 0:00
Total
Forward - 65:00
Defense - 65:00

% Time on Ice - Sabres

Lines # - Real PCT - Wanted PCT - Time Play
Normal Forward
1 - 29% - 28% - 13:26
2 - 31% - 28% - 14:31
3 - 22% - 24% - 10:26
4 - 18% - 20% - 8:19
Normal Defense
1 - 41% - 40% - 18:57
2 - 34% - 30% - 15:52
3 - 19% - 20% - 8:41
4 - 7% - 10% - 3:12
PP Forward
1 - 50% - 50% - 2:40
2 - 50% - 50% - 2:42
PP Defense
1 - 34% - 50% - 1:51
2 - 66% - 50% - 3:31
PK Forward
1 - 100% - 70% - 6:20
2 - 0% - 30% - 0:00
PK Defense
1 - 55% - 60% - 3:30
2 - 45% - 40% - 2:50
PK3 Forward
1 - 0% - 60%
2 - 0% - 40%
PK3 Defense
1 - 0% - 60%
2 - 0% - 40%
44 Forward
1 - 52% - 50% - 3:24
2 - 48% - 50% - 3:12
44 Defense
1 - 50% - 50% - 3:19
2 - 50% - 50% - 3:17
Last Minute Offensive  - 0:00
Last Minute Defensive  - 0:00
Total
Forward - 65:00
Defense - 65:00

Play by Play

1st period


0:01 of 1st period - Steven Stamkos wins face-off versus Derick Brassard in neutral zone.
0:08 of 1st period - Snap shot by Steven Stamkos.
0:08 of 1st period - Shot Misses the Net.
0:26 of 1st period - Dustin Penner is hit by Johnny Boychuk and loses puck.
1:17 of 1st period - Snap shot by Jonas Hoglund.
1:17 of 1st period - Shot Misses the Net.
1:19 of 1st period - Snap shot by Tyler Sloan.
1:19 of 1st period - Deflect By Brooks Orpik.
1:19 of 1st period - Stopped by Brian Elliott without a rebound.
1:20 of 1st period - Steven Stamkos wins face-off versus Greg Campbell in Penguins zone.
2:12 of 1st period - Slapshot by Brian McGrattan.
2:12 of 1st period - Stopped by Michal Neuvirth with a rebound.
2:16 of 1st period - Snap shot by Brian McGrattan.
2:16 of 1st period - Shot Misses the Net.
2:18 of 1st period - Wrist shot by Luke Schenn.
2:18 of 1st period - Stopped by Michal Neuvirth without a rebound.
2:19 of 1st period - Steven Stamkos wins face-off versus Adam Mair in Sabres zone.
2:51 of 1st period - Wrist shot by Nathan Horton.
2:51 of 1st period - Stopped by Michal Neuvirth without a rebound.
2:52 of 1st period - Derick Brassard wins face-off versus Oleg Kvasha in Sabres zone.
3:17 of 1st period - Dustin Penner is hit by Steve Downie and loses puck.
3:30 of 1st period - Nathan Paetsch is hit by Ryan Kesler and loses puck.
3:43 of 1st period - Wrist shot by Ryan Hollweg.
3:43 of 1st period - Stopped by Brian Elliott without a rebound.
3:44 of 1st period - Jonas Hoglund wins face-off versus Steven Stamkos in Penguins zone.
4:09 of 1st period - Ole-Kristian Tollefsen is hit by Steve Sullivan and loses puck.
4:56 of 1st period - Wrist shot by Bobby Ryan.
4:56 of 1st period - Deflect By Steven Stamkos.
4:56 of 1st period - Shot Misses the Net.
4:56 of 1st period - Puck is out of play.
4:57 of 1st period - Simon Gagné wins face-off versus Sam Gagner in Sabres zone.
5:02 of 1st period - Wrist shot by Steven Stamkos.
5:02 of 1st period - Shot Blocked by Johnny Boychuk.
5:04 of 1st period - Wrist shot by Steven Stamkos.
5:04 of 1st period - Stopped by Michal Neuvirth with a rebound.
5:08 of 1st period - Slapshot by Simon Gagné.
5:08 of 1st period - Shot Misses the Net.
5:10 of 1st period - Snap shot by Bobby Ryan.
5:10 of 1st period - Shot Misses the Net.
5:12 of 1st period - Slapshot by Sean Zimmerman.
5:12 of 1st period - Shot Blocked by Johnny Boychuk.
6:11 of 1st period - Snap shot by Brian McGrattan.
6:11 of 1st period - Stopped by Michal Neuvirth with a rebound.
6:25 of 1st period - Adam Mair is hit by Luke Schenn and loses puck.
6:26 of 1st period - Adam Mair from Sabres is injured at 6:26 of 1st period (Facial Surgery).
6:27 of 1st period - Sam Gagner wins face-off versus Ryan Kesler in Sabres zone.
6:52 of 1st period - Simon Gagné is hit by Johnny Boychuk and loses puck.
6:53 of 1st period - Simon Gagné from Penguins is injured at 6:53 of 1st period (Bruised Left Foot).
6:54 of 1st period - Michael Rupp wins face-off versus Steven Stamkos in Penguins zone.
6:59 of 1st period - Wrist shot by Niclas Bergfors.
6:59 of 1st period - Stopped by Brian Elliott with a rebound.
7:01 of 1st period - Slapshot by Jay McKee.
7:01 of 1st period - Shot Misses the Net.
7:03 of 1st period - Slapshot by Jay McKee.
7:03 of 1st period - Shot Blocked by Luke Schenn.
7:05 of 1st period - Slapshot by Jay McKee.
7:05 of 1st period - Stopped by Brian Elliott without a rebound.
7:06 of 1st period - Ryan Hollweg wins face-off versus Oleg Kvasha in Penguins zone.
8:00 of 1st period - Snap shot by Sam Gagner.
8:00 of 1st period - Stopped by Brian Elliott with a rebound.
8:02 of 1st period - Snap shot by Johnny Boychuk.
8:02 of 1st period - Shot Misses the Net.
8:04 of 1st period - Slapshot by Johnny Boychuk.
8:04 of 1st period - Shot Blocked by Paul Ranger.
8:34 of 1st period - Darren Reid is hit by Derick Brassard and loses puck.
9:10 of 1st period - Off-side.
9:11 of 1st period - Greg Campbell wins face-off versus Denis Arkhipov in neutral zone.
9:41 of 1st period - Snap shot by Nathan Horton.
9:41 of 1st period - Shot Misses the Net.
9:57 of 1st period - Johnny Boychuk is hit by Bobby Ryan and loses puck.
10:12 of 1st period - Johnny Boychuk is hit by Brendan Smith and loses puck.
11:08 of 1st period - Luke Schenn is hit by Ole-Kristian Tollefsen and loses puck.
11:27 of 1st period - Nathan Horton is hit by Nathan Paetsch.
11:43 of 1st period - Snap shot by Bobby Ryan.
11:43 of 1st period - Stopped by Michal Neuvirth with a rebound.
11:59 of 1st period - Slapshot by Ryan Hollweg.
11:59 of 1st period - Stopped by Brian Elliott without a rebound.
12:00 of 1st period - Greg Campbell wins face-off versus Oleg Kvasha in Penguins zone.
12:09 of 1st period - Wrist shot by Darren Reid.
12:09 of 1st period - Shot Blocked by Jay McKee.
12:25 of 1st period - Luke Schenn is hit by Derick Brassard and loses puck.
12:54 of 1st period - Ryan Kesler is hit by Antoine Roussel and loses puck.
13:47 of 1st period - Michael Rupp is hit by Steven Stamkos and loses puck.
14:06 of 1st period - Slapshot by Brooks Orpik.
14:06 of 1st period - Stopped by Michal Neuvirth with a rebound.
14:14 of 1st period - Snap shot by Brian McGrattan.
14:14 of 1st period - Shot Blocked by Jay McKee.
14:26 of 1st period - Snap shot by Derick Brassard.
14:26 of 1st period - Stopped by Brian Elliott without a rebound.
14:27 of 1st period - Derick Brassard wins face-off versus Nathan Horton in Penguins zone.
14:32 of 1st period - Wrist shot by Mike Leclerc.
14:32 of 1st period - Shot Misses the Net.
14:52 of 1st period - Brent Sopel is hit by Sam Gagner.
15:04 of 1st period - Snap shot by Ladislav Nagy.
15:04 of 1st period - Deflect By Denis Arkhipov.
15:04 of 1st period - Shot Hit the Post.
15:04 of 1st period - Puck is out of play.
15:05 of 1st period - Michael Rupp wins face-off versus Denis Arkhipov in Sabres zone.
15:18 of 1st period - Wrist shot by Niclas Bergfors.
15:18 of 1st period - Stopped by Brian Elliott without a rebound.
15:19 of 1st period - Ryan Kesler wins face-off versus Greg Campbell in Penguins zone.
15:26 of 1st period - Wrist shot by Nathan Horton.
15:26 of 1st period - Shot Misses the Net.
15:28 of 1st period - Slapshot by Dustin Penner.
15:28 of 1st period - Shot Blocked by Jonas Hoglund.
15:32 of 1st period - Slapshot by Ryan Kesler.
15:32 of 1st period - Stopped by Michal Neuvirth with a rebound.
15:34 of 1st period - Slapshot by Nathan Horton.
15:34 of 1st period - Shot Blocked by Joni Pitkanen.
15:46 of 1st period - Dustin Penner is hit by Niclas Bergfors and loses puck.
16:11 of 1st period - Snap shot by Oleg Kvasha.
16:11 of 1st period - Shot Misses the Net.
16:47 of 1st period - Snap shot by Steven Stamkos.
16:47 of 1st period - Deflect By Ryan Kesler.
16:47 of 1st period - Shot Misses the Net.
16:47 of 1st period - Puck is out of play.
16:48 of 1st period - Derick Brassard wins face-off versus Steven Stamkos in Sabres zone.
16:54 of 1st period - Snap shot by Michael Rupp.
16:54 of 1st period - Stopped by Brian Elliott with a rebound.
16:56 of 1st period - Snap shot by Derick Brassard.
16:56 of 1st period - Shot Misses the Net.
17:04 of 1st period - Wrist shot by Niclas Bergfors.
17:04 of 1st period - Shot Hit the Post.
17:18 of 1st period - Jay McKee is hit by Steven Stamkos.
17:26 of 1st period - Snap shot by Derick Brassard.
17:26 of 1st period - Stopped by Brian Elliott with a rebound.
17:28 of 1st period - Snap shot by Jay McKee.
17:28 of 1st period - Stopped by Brian Elliott without a rebound.
17:29 of 1st period - Darren Reid wins face-off versus Greg Campbell in Penguins zone.
17:46 of 1st period - Luke Schenn is hit by Jonas Hoglund.
17:57 of 1st period - Minor Penalty to Sam Gagner for Interference.
17:58 of 1st period - Daniel Cleary wins face-off versus Steven Stamkos in Sabres zone.
17:58 of 1st period - Daniel Cleary is hit by Luke Schenn.
18:05 of 1st period - Icing by Brent Sopel.
18:06 of 1st period - Steven Stamkos wins face-off versus Daniel Cleary in Penguins zone.
18:06 of 1st period - Steven Stamkos is hit by Daniel Cleary.
18:46 of 1st period - Wrist shot by Ryan Kesler.
18:46 of 1st period - Shot Hit the Post.
19:20 of 1st period - Wrist shot by Steven Stamkos.
19:20 of 1st period - Stopped by Michal Neuvirth with a rebound.
19:22 of 1st period - Slapshot by Ryan Kesler.
19:22 of 1st period - Shot Misses the Net.
19:24 of 1st period - Backhand shot by Bobby Ryan.
19:24 of 1st period - Stopped by Michal Neuvirth without a rebound.
19:25 of 1st period - Greg Campbell wins face-off versus Denis Arkhipov in Sabres zone.
19:32 of 1st period - Denis Arkhipov is hit by Greg Campbell and loses puck.
19:57 of 1st period - Penalty to Sam Gagner is over, Sam Gagner is back on ice.
Goals for this period are 0 for Penguins vs 0 for Sabres.
Shots for this period are 10 for Penguins vs 11 for Sabres.

2nd period


0:01 of 2nd period - Sam Gagner wins face-off versus Ryan Kesler in neutral zone.
0:04 of 2nd period - Slapshot by Johnny Boychuk.
0:04 of 2nd period - Stopped by Brian Elliott without a rebound.
0:05 of 2nd period - Ryan Kesler wins face-off versus Sam Gagner in Penguins zone.
1:14 of 2nd period - Snap shot by Ryan Kesler.
1:14 of 2nd period - Stopped by Michal Neuvirth with a rebound.
1:43 of 2nd period - Snap shot by Ryan Hollweg.
1:43 of 2nd period - Stopped by Brian Elliott without a rebound.
1:44 of 2nd period - Ryan Kesler wins face-off versus Sam Gagner in Penguins zone.
2:14 of 2nd period - Slapshot by Joni Pitkanen.
2:14 of 2nd period - Stopped by Brian Elliott with a rebound.
2:16 of 2nd period - Snap shot by Mike Leclerc.
2:16 of 2nd period - Stopped by Brian Elliott with a rebound.
2:18 of 2nd period - Slapshot by Ole-Kristian Tollefsen.
2:18 of 2nd period - Shot Blocked by Brendan Smith.
3:37 of 2nd period - Wrist shot by Niclas Bergfors.
3:37 of 2nd period - Deflect By Derick Brassard.
3:37 of 2nd period - Shot Misses the Net.
3:37 of 2nd period - Puck is out of play.
3:38 of 2nd period - Denis Arkhipov wins face-off versus Derick Brassard in Penguins zone.
3:53 of 2nd period - Slapshot by Denis Arkhipov.
3:53 of 2nd period - Shot Hit the Post.
3:55 of 2nd period - Wrist shot by Ladislav Nagy.
3:55 of 2nd period - Deflect By Brian McGrattan.
3:55 of 2nd period - Shot Hit the Post.
3:55 of 2nd period - Puck is out of play.
3:56 of 2nd period - Sam Gagner wins face-off versus Ryan Kesler in Sabres zone.
4:05 of 2nd period - Snap shot by Dustin Penner.
4:05 of 2nd period - Shot Misses the Net.
4:34 of 2nd period - Snap shot by Ladislav Nagy.
4:34 of 2nd period - Stopped by Michal Neuvirth with a rebound.
4:36 of 2nd period - Slapshot by Sean Zimmerman.
4:36 of 2nd period - Shot Misses the Net.
4:38 of 2nd period - Snap shot by Denis Arkhipov.
4:38 of 2nd period - Stopped by Michal Neuvirth without a rebound.
4:39 of 2nd period - Derick Brassard wins face-off versus Denis Arkhipov in Sabres zone.
4:44 of 2nd period - Snap shot by Michael Rupp.
4:44 of 2nd period - Deflect By Luke Schenn.
4:44 of 2nd period - Shot Misses the Net.
4:44 of 2nd period - Puck is out of play.
4:45 of 2nd period - Derick Brassard wins face-off versus Ryan Kesler in Penguins zone.
5:14 of 2nd period - Snap shot by Antoine Roussel.
5:14 of 2nd period - Shot Misses the Net.
5:16 of 2nd period - Wrist shot by Steve Downie.
5:16 of 2nd period - Shot Misses the Net.
5:18 of 2nd period - Wrist shot by Sam Gagner.
5:18 of 2nd period - Stopped by Brian Elliott without a rebound.
5:19 of 2nd period - Steven Stamkos wins face-off versus Ryan Hollweg in Penguins zone.
5:31 of 2nd period - Slapshot by Bobby Ryan.
5:31 of 2nd period - Stopped by Michal Neuvirth without a rebound.
5:32 of 2nd period - Ryan Kesler wins face-off versus Sam Gagner in Sabres zone.
7:41 of 2nd period - Slapshot by Joni Pitkanen.
7:41 of 2nd period - Deflect By Mike Leclerc.
7:41 of 2nd period - Shot Blocked by Sean Zimmerman.
7:41 of 2nd period - Puck is out of play.
7:42 of 2nd period - Steven Stamkos wins face-off versus Sam Gagner in Penguins zone.
8:26 of 2nd period - Slapshot by Ryan Hollweg.
8:26 of 2nd period - Shot Blocked by Luke Schenn.
8:38 of 2nd period - Wrist shot by Greg Campbell.
8:38 of 2nd period - Shot Blocked by Luke Schenn.
8:50 of 2nd period - Daniel Cleary is hit by Dustin Penner.
8:51 of 2nd period - Icing by Daniel Cleary.
8:52 of 2nd period - Derick Brassard wins face-off versus Ryan Kesler in Sabres zone.
9:01 of 2nd period - Wrist shot by Derick Brassard.
9:01 of 2nd period - Stopped by Brian Elliott without a rebound.
9:02 of 2nd period - Sam Gagner wins face-off versus Steven Stamkos in Penguins zone.
9:35 of 2nd period - Slapshot by Darren Reid.
9:35 of 2nd period - Deflect By Steve Sullivan.
9:35 of 2nd period - Shot Misses the Net.
9:35 of 2nd period - Puck is out of play.
9:36 of 2nd period - Greg Campbell wins face-off versus Bobby Ryan in Sabres zone.
10:01 of 2nd period - Steve Sullivan is hit by Daniel Cleary and loses puck.
10:20 of 2nd period - Slapshot by Brent Sopel.
10:20 of 2nd period - Deflect By Antoine Roussel.
10:20 of 2nd period - Stopped by Michal Neuvirth without a rebound.
10:21 of 2nd period - Denis Arkhipov wins face-off versus Steve Downie in Sabres zone.
10:22 of 2nd period - Snap shot by Ladislav Nagy.
10:22 of 2nd period - Goal by Ladislav Nagy - Penguins : 1 - Sabres : 0.
10:23 of 2nd period - Derick Brassard wins face-off versus Ryan Kesler in neutral zone.
10:32 of 2nd period - Wrist shot by Niclas Bergfors.
10:32 of 2nd period - Shot Misses the Net.
10:34 of 2nd period - Wrist shot by Michael Rupp.
10:34 of 2nd period - Shot Misses the Net.
10:36 of 2nd period - Slapshot by Joni Pitkanen.
10:36 of 2nd period - Shot Blocked by Dustin Penner.
10:38 of 2nd period - Slapshot by Ole-Kristian Tollefsen.
10:38 of 2nd period - Shot Blocked by Paul Ranger.
10:55 of 2nd period - Bobby Ryan is hit by Steve Downie and loses puck.
11:10 of 2nd period - Wrist shot by Ryan Hollweg.
11:10 of 2nd period - Stopped by Brian Elliott without a rebound.
11:11 of 2nd period - Greg Campbell wins face-off versus Oleg Kvasha in Penguins zone.
11:12 of 2nd period - Wrist shot by Ryan Hollweg.
11:12 of 2nd period - Shot Misses the Net.
11:14 of 2nd period - Wrist shot by Ryan Hollweg.
11:14 of 2nd period - Shot Misses the Net.
11:24 of 2nd period - Slapshot by Greg Campbell.
11:24 of 2nd period - Shot Misses the Net.
11:26 of 2nd period - Wrist shot by Jonas Hoglund.
11:26 of 2nd period - Shot Misses the Net.
11:38 of 2nd period - Wrist shot by Bobby Ryan.
11:38 of 2nd period - Stopped by Michal Neuvirth without a rebound.
11:39 of 2nd period - Mike Leclerc wins face-off versus Steven Stamkos in Sabres zone.
11:41 of 2nd period - Minor Penalty to Tyler Sloan for Roughing.
11:42 of 2nd period - Daniel Cleary wins face-off versus Ryan Kesler in Sabres zone.
11:50 of 2nd period - Wrist shot by Dustin Penner.
11:50 of 2nd period - Shot Misses the Net.
11:52 of 2nd period - Snap shot by Nathan Horton.
11:52 of 2nd period - Shot Blocked by Ole-Kristian Tollefsen.
11:54 of 2nd period - Slapshot by Brendan Smith.
11:54 of 2nd period - Stopped by Michal Neuvirth with a rebound.
11:56 of 2nd period - Wrist shot by Ryan Kesler.
11:56 of 2nd period - Stopped by Michal Neuvirth with a rebound.
11:58 of 2nd period - Snap shot by Brendan Smith.
11:58 of 2nd period - Shot Misses the Net.
13:41 of 2nd period - Penalty to Tyler Sloan is over, Tyler Sloan is back on ice.
14:19 of 2nd period - Wrist shot by Antoine Roussel.
14:19 of 2nd period - Shot Blocked by Denis Arkhipov.
14:44 of 2nd period - Wrist shot by Darren Reid.
14:44 of 2nd period - Shot Blocked by Jay McKee.
15:59 of 2nd period - Off-side.
16:00 of 2nd period - Steven Stamkos wins face-off versus Antoine Roussel in neutral zone.
16:30 of 2nd period - Snap shot by Brian McGrattan.
16:30 of 2nd period - Stopped by Michal Neuvirth without a rebound.
16:31 of 2nd period - Niclas Bergfors wins face-off versus Denis Arkhipov in Sabres zone.
16:39 of 2nd period - Icing by Brent Sopel.
16:40 of 2nd period - Denis Arkhipov wins face-off versus Derick Brassard in Penguins zone.
16:40 of 2nd period - Denis Arkhipov is hit by Niclas Bergfors.
17:02 of 2nd period - Brent Sopel is hit by Tyler Sloan.
17:32 of 2nd period - Wrist shot by Ladislav Nagy.
17:32 of 2nd period - Shot Misses the Net.
18:16 of 2nd period - Snap shot by Brian McGrattan.
18:16 of 2nd period - Deflect By Ladislav Nagy.
18:16 of 2nd period - Shot Blocked by Niclas Bergfors.
18:16 of 2nd period - Puck is out of play.
18:17 of 2nd period - Nathan Horton wins face-off versus Sam Gagner in Sabres zone.
18:20 of 2nd period - Wrist shot by Ryan Kesler.
18:20 of 2nd period - Deflect By Nathan Horton.
18:20 of 2nd period - Shot Misses the Net.
18:20 of 2nd period - Puck is out of play.
18:21 of 2nd period - Sam Gagner wins face-off versus Ryan Kesler in Sabres zone.
18:21 of 2nd period - Sam Gagner is hit by Ryan Kesler.
19:50 of 2nd period - Off-side.
19:51 of 2nd period - Ryan Kesler wins face-off versus Antoine Roussel in neutral zone.
Goals for this period are 1 for Penguins vs 0 for Sabres.
Shots for this period are 10 for Penguins vs 7 for Sabres.

3rd period


0:01 of 3rd period - Ryan Kesler wins face-off versus Ryan Hollweg in neutral zone.
0:06 of 3rd period - Slapshot by Ryan Kesler.
0:06 of 3rd period - Stopped by Michal Neuvirth with a rebound.
0:37 of 3rd period - Wrist shot by Derick Brassard.
0:37 of 3rd period - Shot Misses the Net.
1:02 of 3rd period - Snap shot by Antoine Roussel.
1:02 of 3rd period - Deflect By Steve Downie.
1:02 of 3rd period - Stopped by Brian Elliott without a rebound.
1:03 of 3rd period - Steven Stamkos wins face-off versus Steve Downie in Penguins zone.
2:21 of 3rd period - Slapshot by Ole-Kristian Tollefsen.
2:21 of 3rd period - Stopped by Brian Elliott without a rebound.
2:22 of 3rd period - Ryan Hollweg wins face-off versus Oleg Kvasha in Penguins zone.
2:31 of 3rd period - Snap shot by Daniel Cleary.
2:31 of 3rd period - Stopped by Brian Elliott with a rebound.
2:44 of 3rd period - Wrist shot by Steve Sullivan.
2:44 of 3rd period - Stopped by Michal Neuvirth without a rebound.
2:45 of 3rd period - Derick Brassard wins face-off versus Ryan Kesler in Sabres zone.
2:45 of 3rd period - Derick Brassard is hit by Dustin Penner.
4:10 of 3rd period - Ryan Kesler is hit by Jay McKee and loses puck.
4:25 of 3rd period - Derick Brassard is hit by Steven Stamkos and loses puck.
4:43 of 3rd period - Minor Penalty to Darren Reid for Holding.
4:44 of 3rd period - Sam Gagner wins face-off versus Ryan Kesler in Penguins zone.
5:06 of 3rd period - Minor Penalty to Sam Gagner for Hooking.
5:07 of 3rd period - Steven Stamkos wins face-off versus Greg Campbell in Sabres zone.
5:36 of 3rd period - Wrist shot by Ryan Kesler.
5:36 of 3rd period - Stopped by Michal Neuvirth without a rebound.
5:37 of 3rd period - Ryan Kesler wins face-off versus Derick Brassard in Sabres zone.
5:38 of 3rd period - Slapshot by Dustin Penner.
5:38 of 3rd period - Stopped by Michal Neuvirth with a rebound.
6:04 of 3rd period - Joni Pitkanen is hit by Brendan Smith and loses puck.
6:43 of 3rd period - Penalty to Darren Reid is over, Darren Reid is back on ice.
7:06 of 3rd period - Penalty to Sam Gagner is over, Sam Gagner is back on ice.
7:26 of 3rd period - Slapshot by Johnny Boychuk.
7:26 of 3rd period - Deflect By Oleg Kvasha.
7:26 of 3rd period - Stopped by Brian Elliott with a rebound.
7:28 of 3rd period - Wrist shot by Antoine Roussel.
7:28 of 3rd period - Shot Blocked by Sean Zimmerman.
8:21 of 3rd period - Snap shot by Antoine Roussel.
8:21 of 3rd period - Stopped by Brian Elliott with a rebound.
8:52 of 3rd period - Paul Ranger is hit by Jonas Hoglund and loses puck.
9:03 of 3rd period - Snap shot by Niclas Bergfors.
9:03 of 3rd period - Shot Blocked by Brooks Orpik.
9:05 of 3rd period - Slapshot by Michael Rupp.
9:05 of 3rd period - Shot Misses the Net.
9:11 of 3rd period - Snap shot by Michael Rupp.
9:11 of 3rd period - Shot Misses the Net.
9:13 of 3rd period - Slapshot by Derick Brassard.
9:13 of 3rd period - Shot Misses the Net.
9:19 of 3rd period - Major Penalty to Bobby Ryan for Checking from behind.
9:20 of 3rd period - Ryan Kesler wins face-off versus Derick Brassard in Penguins zone.
9:36 of 3rd period - Snap shot by Derick Brassard.
9:36 of 3rd period - Goal by Derick Brassard - Penguins : 1 - Sabres : 1.
9:37 of 3rd period - Ryan Kesler wins face-off versus Derick Brassard in neutral zone.
11:46 of 3rd period - Snap shot by Denis Arkhipov.
11:46 of 3rd period - Shot Misses the Net.
12:47 of 3rd period - Greg Campbell is hit by Steve Sullivan and loses puck.
14:19 of 3rd period - Penalty to Bobby Ryan is over, Bobby Ryan is back on ice.
14:41 of 3rd period - Jay McKee is hit by Dustin Penner and loses puck.
16:06 of 3rd period - Steven Stamkos is hit by Joni Pitkanen and loses puck.
17:05 of 3rd period - Icing by Brian McGrattan.
17:06 of 3rd period - Steven Stamkos wins face-off versus Ryan Hollweg in Penguins zone.
17:11 of 3rd period - Steven Stamkos is hit by Ryan Hollweg and loses puck.
17:27 of 3rd period - Minor Penalty to Sam Gagner for Hooking.
17:28 of 3rd period - Steven Stamkos wins face-off versus Daniel Cleary in Sabres zone.
18:50 of 3rd period - Slapshot by Ladislav Nagy.
18:50 of 3rd period - Stopped by Michal Neuvirth without a rebound.
18:51 of 3rd period - Ryan Kesler wins face-off versus Greg Campbell in Sabres zone.
19:06 of 3rd period - Dustin Penner is hit by Michael Rupp.
19:27 of 3rd period - Penalty to Sam Gagner is over, Sam Gagner is back on ice.
Goals for this period are 0 for Penguins vs 1 for Sabres.
Shots for this period are 5 for Penguins vs 6 for Sabres.

Overtime #1


0:01 of 1st overtime period - Derick Brassard wins face-off versus Steven Stamkos in neutral zone.
0:33 of 1st overtime period - Backhand shot by Antoine Roussel.
0:33 of 1st overtime period - Shot Misses the Net.
1:35 of 1st overtime period - Joni Pitkanen is hit by Brent Sopel.
2:09 of 1st overtime period - Icing by Sean Zimmerman.
2:10 of 1st overtime period - Ryan Hollweg wins face-off versus Denis Arkhipov in Penguins zone.
2:11 of 1st overtime period - Wrist shot by Jonas Hoglund.
2:11 of 1st overtime period - Shot Blocked by Brendan Smith.
3:03 of 1st overtime period - Icing by Johnny Boychuk.
3:04 of 1st overtime period - Derick Brassard wins face-off versus Ryan Kesler in Sabres zone.
3:17 of 1st overtime period - Johnny Boychuk is hit by Steven Stamkos and loses puck.
Goals for this period are 0 for Penguins vs 0 for Sabres.
Shots for this period are 0 for Penguins vs 0 for Sabres.

ShootOut


5:00 of 1st overtime period - Penalty Shot by Steven Stamkos for Penguins.
5:00 of 1st overtime period - Deke by Steven Stamkos.
5:00 of 1st overtime period - Stopped by Michal Neuvirth.
5:00 of 1st overtime period - Penalty Shot by Steve Downie for Sabres.
5:00 of 1st overtime period - Snap shot by Steve Downie.
5:00 of 1st overtime period - Shot Misses the Net.
5:00 of 1st overtime period - Penalty Shot by Nathan Horton for Penguins.
5:00 of 1st overtime period - Snap shot by Nathan Horton.
5:00 of 1st overtime period - Goal by Nathan Horton.
5:00 of 1st overtime period - Penalty Shot by Niclas Bergfors for Sabres.
5:00 of 1st overtime period - Wrist shot by Niclas Bergfors.
5:00 of 1st overtime period - Stopped by Brian Elliott.
5:00 of 1st overtime period - Penalty Shot by Bobby Ryan for Penguins.
5:00 of 1st overtime period - Wrist shot by Bobby Ryan.
5:00 of 1st overtime period - Shot Misses the Net.
5:00 of 1st overtime period - Penalty Shot by Antoine Roussel for Sabres.
5:00 of 1st overtime period - Backhand shot by Antoine Roussel.
5:00 of 1st overtime period - Goal by Antoine Roussel.
5:00 of 1st overtime period - Penalty Shot by Ryan Kesler for Penguins.
5:00 of 1st overtime period - Snap shot by Ryan Kesler.
5:00 of 1st overtime period - Goal by Ryan Kesler.
5:00 of 1st overtime period - Penalty Shot by Derick Brassard for Sabres.
5:00 of 1st overtime period - Deke by Derick Brassard.
5:00 of 1st overtime period - Shot Misses the Net.


Output by the SimonT Hockey Simulator (STHS) for François Prévost -- Original Page W3C XHTML 1.0 Valid
Hockey Simulator - Hockey Simulation - Hockey Manager